 Dungeon Crawl Stone Soup version 0.28-a0-1447-ga5a8893891 (webtiles) character file.

Game seed: 4166117909468965898

24 knot the Chopper (level 2, -2/21 HPs)
             Began as a Demonspawn Berserker on Jan 12, 2022.
             Was a Believer of Trog.
             Slain by Terence (7 damage)
             ... on level 2 of the Dungeon.
             The game lasted 00:01:17 (861 turns).

knot the Chopper (Demonspawn Berserker)              Turns: 861, Time: 00:01:18

Health: -2/21      AC:  4    Str: 19    XL:     2   Next: 79%
Magic:  2/2        EV: 12    Int:  8    God:    Trog [**....]
Gold:   36         SH:  5    Dex: 12    Spells: 1/1 levels left

rFire   . . .      SeeInvis .   a - +0 hand axe
rCold   . . .      Faith    .   (no shield)
rNeg    . . .      Spirit   .   b - +0 animal skin
rPois   .          Reflect  +   (no helmet)
rElec   .          Harm     .   (no cloak)
rCorr   .          Rampage  .   (no gloves)
Will    .....                   j - +0 pair of boots
Stlth   +.........              g - amulet of reflection
HPRegen 0.07/turn               d - ring of flight
MPRegen 0.08/turn               (no ring)

@: flying
A: sharp scales 1, frail 1, strong 1, MP-powered wands
a: Renounce Religion, Berserk, Trog's Hand


You were on level 2 of the Dungeon.
You worshipped Trog.
Trog was pleased with you.
You visited 1 branch of the dungeon, and saw 2 of its levels.

You collected 36 gold pieces.

Inventory:

Hand Weapons
 a - a +0 hand axe (weapon)
Missiles
 c - 39 stones (quivered)
 k - 3 curare-tipped darts
Armour
 b - a +0 animal skin (worn)
 j - a +0 pair of boots (worn)
Magical Staves
 h - a staff of conjuration
Jewellery
 d - a ring of flight (left hand)
 g - an amulet of reflection (around neck)
Scrolls
 e - a scroll of summoning {unknown}
 f - a scroll of immolation {unknown}
 i - a scroll of fear {unknown}
 l - a scroll of torment {unknown}
 m - a scroll of vulnerability {unknown}
 n - a scroll of enchant armour {unknown}


   Skills:
 - Level 3.0 Fighting
 + Level 3.7 Axes
 - Level 1.7 Armour
 - Level 1.7 Dodging


You had one spell level left.
You didn't know any spells.
Your spell library was empty.

Dungeon Overview and Level Annotations

Branches:
Dungeon (2/15)

Altars:

Annotations:
D:2 Terence


Innate Abilities, Weirdness & Mutations

You are partially covered in razor-sharp scales. (AC +1, Slay +1)
You are frail. (-10% HP)
Your muscles are strong. (Str +2)
You expend magic power (3 MP) to strengthen your wands.


Message History

You block Terence's attack.
You barely miss Terence.
Terence is moderately wounded.
You block Terence's attack.
You hit Terence.
Terence is heavily wounded.
Terence hits you with a +0 mace!
You barely miss Terence.
Terence is heavily wounded.
Terence barely misses you.
You closely miss Terence.
Terence is heavily wounded.
Terence closely misses you.
You hit Terence.
Terence is severely wounded.
Terence misses you.
You hit Terence.
Terence is severely wounded.
You block Terence's attack.
You hit Terence but do no damage. Your punch misses Terence.
Terence is severely wounded.
Terence barely misses you.
You barely miss Terence.
Terence is severely wounded.
You block Terence's attack.
You hit Terence but do no damage.
Terence is severely wounded.
Terence hits you but does no damage. Terence misses you.
You hit Terence.
Terence is almost dead.
Terence hits you with a +0 mace!
* * * LOW HITPOINT WARNING * * *
You completely miss Terence.
Terence is almost dead.
Terence hits you with a +0 mace.
* * * LOW HITPOINT WARNING * * *
You barely miss Terence.
Terence is almost dead.
Terence hits you with a +0 mace!
You die...

#.......<.#.......
###...........#
....######....#
###. ##...# ##
#...# #.>.# #...#
#..$# #@..#
#.....@..##
##....##.# #....
... ##.. ..#..
.$.. .# +## ..#.
.# ....


You could see Terence.

Vanquished Creatures
  2 giant cockroaches
  4 goblins (D:1)
  4 jackals (D:1)
  2 quokkas (D:1)
  3 bats (D:1)
  2 frilled lizards (D:1)
  A kobold (D:1)
  5 rats
23 creatures vanquished.

Notes
Turn   | Place    | Note
-------+----------+-------------------------------------------
     0 | D:1      | knot the Demonspawn Berserker began the quest for the Orb.
     0 | D:1      | Reached XP level 1. HP: 18/18 MP: 1/1
   150 | D:1      | Gained mutation: You are partially covered in razor-sharp
                  | scales. (AC +1, Slay +1) [demonic ancestry]
   150 | D:1      | Reached XP level 2. HP: 24/24 MP: 2/2
   244 | D:1      | Gained mutation: You have large cloven feet. [potion of
                  | mutation]
   244 | D:1      | Gained mutation: Your natural rate of healing is unusually
                  | fast. [potion of mutation]
   251 | D:1      | Lost mutation: You have large cloven feet. [potion of
                  | mutation]
   251 | D:1      | Lost mutation: Your natural rate of healing is unusually
                  | fast. [potion of mutation]
   251 | D:1      | Gained mutation: You expend magic power (3 MP) to
                  | strengthen your wands. [potion of mutation]
   251 | D:1      | Gained mutation: You are frail. (-10% HP) [potion of
                  | mutation]
   251 | D:1      | Gained mutation: Your muscles are strong. (Str +2) [potion
                  | of mutation]
   798 | D:2      | Reached ** piety under Trog
   836 | D:2      | Noticed Terence
   861 | D:2      | Slain by Terence

Illustrated notes

Levels and vault maps discovered:
D:1:      pf_arrival_petrified_forest, layout_loops_ring, minmay_tetromino_s4
D:2:      layout_rooms, shapermc_ecumenical_altar_acropolis, dk_noncrumbling_2,
          minmay_fractal_squares_gapless_5, uniq_terence, uniq_robin

Skill      XL: |  1 |
---------------+----+-----
Axes           | 3 |  3.7
Fighting       | |  3.0
Armour         | |  1.7
Dodging        | |  1.7

Action                   || total
-------------------------++-------
Melee: Hand axe          ||    91
       Kick              ||     1
  Use: Potion            ||     3
 Stab: Sleeping          ||     1
Armor: Animal skin       ||    26
Dodge: Dodged            ||    60
Block: Other             ||    12

Table legend: (Time is in decaauts)
 A = Elapsed time spent in this place.
 B = Non-inter-level travel time spent in this place.
 C = Inter-level travel time spent in this place.
 D = Time resting spent in this place.
 E = Time spent auto-exploring this place.
 F = Levels seen in this place.
 G = Mean time per level.
                   A        B        C        D        E       F      G
               +--------+--------+--------+--------+--------+-----+--------+
         Total |    872 |    847 |     25 |      0 |    641 |   2 |  436.0 |
       Dungeon |    872 |    847 |     25 |      0 |    641 |   2 |  436.0 |
               +--------+--------+--------+--------+--------+-----+--------+

Top non-repeatable levels by time:
     D:1: 796 daAuts
     D:2: 76 daAuts
